AoeStats
← 文風

Marketplace

506081271Analyzed
1v1 RM · 19d ago on Sep 12, 2026· 31m 29s· 2 players
Game mode
Random Map
Map size
Tiny (2 player)
Population
200
Speed
Normal
Resources
Standard
Victory
Conquest
Starting age
Dark Age
Ending age
Imperial Age
RankedLock teamsTeams togetherTeam positionsShared explorationLock speedFull tech treeHidden civsTurbo modeCheats
Victory
Defeat
🇪🇸 Italians · Spain
1444
+14
🇭🇰 Spanish · Hong Kong SAR China
1408
-14
文風
11:40 Feudal Age
15:32 Castle Age
14:44 Double-Bit Axe
28:49 Loom
30:17 Fletching
31:05 Bodkin Arrow
mp.albert
7:42 Loom
10:48 Feudal Age
11:33 Double-Bit Axe
14:44 Fletching
17:02 Horse Collar
22:28 Gold Mining
25:02 Castle Age
23:06 Padded Archer Armor
24:22 Wheelbarrow
25:14 Forging
25:10 Scale Barding Armor
25:11 Crossbowman
26:24 Bow Saw
27:20 Heavy Plow
28:06 Husbandry
30:29 Hand Cart
31:50 Bloodlines
Connection lost

Rejoining the realm…

Still unreachable

The connection could not be restored.

Session expired

The server has moved on; the page needs a fresh start.